 Dungeon Crawl Stone Soup version 0.27-a0-1193-g8631133539 (webtiles) character file.

Game seed: 1694301840976915030

23 Delamore the Skirmisher (level 2, -3/20 HPs)
             Began as a Gargoyle Fighter on May 25, 2021.
             Slain by Sigmund
             ... wielding a +0 scythe
              (10 damage)
             ... on level 2 of the Dungeon.
             The game lasted 00:00:53 (1698 turns).

Delamore the Skirmisher (Gargoyle Fighter)          Turns: 1698, Time: 00:00:54

Health: -3/20      AC:  9    Str: 19    XL:     2   Next: 95%
Magic:  2/2        EV:  7    Int:  8    God:
Gold:   92         SH:  0    Dex:  9    Spells: 1/1 levels left

rFire    . . .     SeeInvis .   a - +0 flail
rCold    . . .     Faith    .   c - +0 kite shield
rNeg     + . .     Spirit   .   b - +0 scale mail
rPois    ∞         Reflect  .   (no helmet)
rElec    +         Harm     .   (no cloak)
rCorr    .         Rampage  .   (no gloves)
Will     .....                  (no boots)
Stlth    ..........             (no amulet)
HPRegen  0.06/turn              (no ring)
MPRegen  0.08/turn              (no ring)

@: confused
A: sickness immunity, AC +2, negative energy resistance 1, electricity
resistance, torment resistance 1, petrification resistance
a: no special abilities


You were on level 2 of the Dungeon.
You visited 1 branch of the dungeon, and saw 2 of its levels.

You collected 92 gold pieces.

Inventory:

Hand Weapons
 a - a +0 flail (weapon)
Missiles
 h - 5 javelins (quivered)
Armour
 b - a +0 scale mail (worn)
 c - a +0 kite shield (worn)
Jewellery
 g - a +4 ring of protection
Scrolls
 e - a scroll of identify {unknown}
 i - a scroll of amnesia {unknown}
 j - a scroll of fear {unknown}
Potions
 d - a potion of might
 f - a potion of magic {unknown}


   Skills:
 + Level 3.6 Fighting
 * Level 2.5 Maces & Flails
 - Level 3.2 Armour
 + Level 3.6 Shields


You had one spell level left.
You didn't know any spells.
Your spell library was empty.

Dungeon Overview and Level Annotations

Branches:
Dungeon (2/15)

Altars:
Ashenzari
Xom

Annotations:
D:2 Sigmund


Innate Abilities, Weirdness & Mutations

You are immune to sickness and miasma.
Your stone body is resilient. (AC +2)
You are immune to poison.
You resist negative energy. (rN+)
You are resistant to electric shocks. (rElec)
You are resistant to unholy torment.
You are immune to petrification.


Message History

Sigmund casts a spell at you. You block the puff of flame.
Sigmund barely misses you. Sigmund barely misses you.
You barely miss Sigmund. You block Sigmund's attack.
Sigmund hits you with a +0 scythe.
You hit Sigmund but do no damage.
Sigmund gestures at himself while chanting.
Sigmund flickers and vanishes!
Deactivating autopickup; reactivate with Ctrl-A.
No target in view!
No target in view!
Something hits you but does no damage.
You hear some strange, mumbled words.
You are confused.
A magic dart appears from out of thin air!
The magic dart hits you.
You're too confused to move!
You feel less confused.
You are confused.
You are more confused.
You bump into the rock wall.
You bump into the rock wall.
You hear some strange, mumbled words.
You are more confused.
You bump into the rock wall.
Something hits you but does no damage.
You're too confused to move!
Something hits you but does no damage. Something hits you but does no damage.
You hear some strange, mumbled words.
You are more confused.
You hear some strange, mumbled words.
You are more confused.
Something hits you.
You hear some strange, mumbled words.
You are more confused.
Something hits you! Something hits you!
Ouch! That really hurt!
You die...

#######.######.........#
....................#..#
################.†.##.(#
..# #.####..# #.#
##.####..# #.#
#........# #.#
#..####.## #.# #..# #.#
..# #.@# #.# ### #{.#
#.# ###########..# #.#
#............# #.#
#.#########.## #.# #.#
#.# #.# # #.# #.# #.# #
#.# #######.# #.# # #..
........#####.##


There were no monsters in sight!

Vanquished Creatures
  A dart slug (D:1)
  2 ball pythons (D:1)
  3 bats
  A giant cockroach (D:1)
  A goblin (D:2)
  3 hobgoblins
  4 kobolds
  3 rats
18 creatures vanquished.

Notes
Turn   | Place    | Note
-------+----------+-------------------------------------------
     0 | D:1      | Delamore the Gargoyle Fighter began the quest for the Orb.
     0 | D:1      | Reached XP level 1. HP: 14/14 MP: 1/1
   327 | D:1      | Reached XP level 2. HP: 18/19 MP: 2/2
  1215 | D:2      | Found a faded altar of an unknown god.
  1405 | D:2      | Found a broken altar of Ashenzari.
  1554 | D:2      | Found a shimmering altar of Xom.
  1664 | D:2      | Noticed Sigmund
  1698 | D:2      | Slain by Sigmund

Illustrated notes

Levels and vault maps discovered:
D:1:      dpeg_arrival_refuge, layout_basic
D:2:      layout_loops_ring, basic_altar,
          shapermc_ecumenical_altar_totnotflames, minivault_24,
          kennysheep_flooded_box, uniq_sigmund

Action                   || total
-------------------------++-------
Melee: Flail             ||    81
Armor: Scale mail        ||    48
Dodge: Dodged            ||    25
Block: Kite shield       ||    39

Table legend: (Time is in decaauts)
 A = Elapsed time spent in this place.
 B = Non-inter-level travel time spent in this place.
 C = Inter-level travel time spent in this place.
 D = Time resting spent in this place.
 E = Time spent auto-exploring this place.
 F = Levels seen in this place.
 G = Mean time per level.
                   A        B        C        D        E       F      G
               +--------+--------+--------+--------+--------+-----+--------+
         Total |   1739 |   1712 |     27 |    215 |   1285 |   2 |  869.5 |
       Dungeon |   1739 |   1712 |     27 |    215 |   1285 |   2 |  869.5 |
               +--------+--------+--------+--------+--------+-----+--------+

Top non-repeatable levels by time:
     D:1: 1074 daAuts
     D:2: 665 daAuts
